AoeStats
← 勇闯天涯

Arena

509734582Analyzed
1v1 RM · 4d ago on Sep 27, 2026· 27m 16s· 2 players
Game mode
Random Map
Map size
Tiny (2 player)
Population
200
Speed
Normal
Resources
Standard
Victory
Conquest
Starting age
Dark Age
Ending age
Imperial Age
RankedLock teamsTeams togetherTeam positionsShared explorationLock speedFull tech treeHidden civsTurbo modeCheats
Victory
Defeat
🇨🇦 Celts · Canada
967
+16
🇨🇳 Bohemians · China
958
-16
勇闯天涯
10:17 Feudal Age
10:55 Double-Bit Axe
15:45 Castle Age
14:36 Horse Collar
19:31 Wheelbarrow
22:42 Fortified Wall
24:15 Chemistry
28:14 Imperial Age
Jonninator
10:22 Feudal Age
8:41 Loom
10:26 Feudal Age
12:53 Wheelbarrow
15:19 Castle Age
19:27 Fletching
Connection lost

Rejoining the realm…

Still unreachable

The connection could not be restored.

Session expired

The server has moved on; the page needs a fresh start.